 Dungeon Crawl Stone Soup version 0.32-a0-119-g2e8054a333 (webtiles) character file.

Game seed: 17142089781438938784

486 Newt the Chucker (level 6, -4/49 HPs)
             Began as a Demonspawn Gladiator on Feb 6, 2024.
             Was an Initiate of Gozag.
             Slain by a black bear (8 damage)
             ... on level 5 of the Dungeon.
             The game lasted 00:05:35 (4582 turns).

Newt the Chucker (Demonspawn Gladiator)             Turns: 4582, Time: 00:05:35

Health: -4/49      AC:  8    Str: 22    XL:     6   Next: 89%
Magic:  6/6        EV: 17    Int: 13    God:    Gozag
Gold:   198        SH:  0    Dex: 14    Spells: 5/5 levels left

rFire   . . .        u - +0 dagger (speed)
rCold   . . .        (no shield)
rNeg    . . .        b - +0 leather armour
rPois   .            c - +0 helmet
rElec   .            g - scarf {repulsion}
rCorr   .            (no gloves)
SInv    .            (no boots)
Will    .....        (no amulet)
Stlth   +            m - +4 ring of protection
HPRegen 0.28/turn    t - +6 ring of strength
MPRegen 0.10/turn

%: repel missiles
@: agile
A: demonic guardian 1, powered by pain 1, big brain 2
a: Renounce Religion, Potion Petition, Call Merchant, Bribe Branch


You were on level 5 of the Dungeon.
You worshipped Gozag.
Gozag was aware of your devotion.
You visited 1 branch of the dungeon, and saw 5 of its levels.

You collected 267 gold pieces.
You paid 69 gold pieces to Gozag.

Inventory:

Hand Weapons
 a - a +0 rapier
 u - a +0 dagger of speed (weapon)
Missiles
 k - a javelin (quivered)
 o - 18 stones
 p - 4 boomerangs
 w - 4 atropa-tipped darts
Armour
 b - a +0 leather armour (worn)
 c - a +0 helmet (worn)
 g - a scarf of repulsion (worn)
Jewellery
 m - a +4 ring of protection (left hand)
 t - a +6 ring of strength (right hand)
Wands
 e - a wand of acid (6)
 n - a wand of flame (23)
Scrolls
 f - a scroll of brand weapon
 h - a scroll of teleportation
 l - 2 scrolls of fear
 q - a scroll of immolation
 v - a scroll of amnesia
Potions
 d - a potion of curing {unknown}
 i - a potion of attraction {unknown}
 j - a potion of heal wounds {unknown}
 r - a potion of berserk rage {unknown}
 s - a potion of lignification {unknown}


   Skills:
 + Level 4.5 Fighting
 - Level 2.6(2.7) Short Blades
 * Level 0.1(1.5) Long Blades
 - Level 5.6 Throwing
 - Level 2.6 Dodging


You had 5 spell levels left.
You didn't know any spells.
Your spell library contained the following spells:

 Spells                   Type           Power      Damage    Failure   Level
 Magic Dart               Conj           0%         1d3       34%         1
 Blink                    Tloc           0%         N/A       47%         2
 Call Imp                 Summ           0%         N/A       47%         2
 Dazzling Flash           Conj/Hex       0%         N/A       71%         3
 Volatile Blastmotes      Fire/Tloc      0%         2d10      71%         3
 Starburst                Conj/Fire      0%         6d3       100%        6
 Maxwell's Capacitive Co  Air            0%         ∞         100%        8


Dungeon Overview and Level Annotations

Branches:
Dungeon (5/15)
 Temple: D:4-7

Altars:
Gozag
Kikubaaqudgha
Trog

Shops:
D:4 [:*(


Innate Abilities, Weirdness & Mutations

A weak demonic guardian rushes to your aid.
You sometimes gain a little power by taking damage.
You have an extremely huge brain. (Int +4)


Message History

You hit the black bear.
The black bear is moderately wounded.
The black bear barely misses you. The black bear claws you. x2
You hit the black bear. You punch the black bear.
The black bear is moderately wounded.
You throw a javelin.
The javelin pierces through the black bear but does no damage.
The black bear is moderately wounded.
The black bear closely misses you. The black bear barely misses you.
The black bear claws you but does no damage.
You throw a javelin.
The javelin pierces through the black bear!
The black bear is almost dead.
The black bear goes berserk!
The black bear bites you! The black bear closely misses you.
The black bear claws you.
You throw a javelin.
The javelin closely misses the black bear.
The black bear bites you but does no damage.
The black bear claws you but does no damage.
The black bear claws you.
You throw a javelin.
The javelin pierces through the black bear.
The black bear is almost dead.
The black bear bites you!
* * * LOW HITPOINT WARNING * * *
The black bear barely misses you.
The black bear claws you but does no damage.
The black bear bites you!
* * * LOW HITPOINT WARNING * * *
A demonic guardian appears!
You focus on the pain.
You feel agile all of a sudden.
The black bear claws you but does no damage.
The black bear completely misses you.
Unknown command.
The black bear attacks as it pursues you!
The black bear barely misses you.
The black bear claws you but does no damage. x2
The black bear bites you!
You die...
Your body crumbles into a pile of gold.

......
#....#..(..#.##......#
....#.
#....#.....#.##......###
###.#
.....#.....#.##........##
#
.#.##......#.#####.###..#
##......#.# #.# ##..
#.......#.# #.. ###' .
#.....#.# ##. #..# ....
#h# #.# #..#
.....##@###.######..+..'
......5.............#..#
#.###.#.##..#######.#..#
#...>......# +##+
......#.##### #..#
...###.##.# ####..#
..........##### #..+..+
.####.........# #.##..
#..######.###..#..#


You could see a black bear (berserk, ally target) and a friendly iron imp
(summoned).

Vanquished Creatures
  An ice beast (D:4)
  A scorpion (D:5)
  A hound (D:5)
  An orc priest (D:4)
  A sleepcap (D:4)
  An iguana (D:5)
  Natasha (thrice) (D:2)
  An orc wizard (D:3)
  5 adders
  A shadow imp (D:5)
  A ribbon worm (D:2)
  A dart slug (D:4)
  11 orcs
  5 endoplasms
  4 giant cockroaches
  6 goblins
  6 hobgoblins
  4 kobolds
  5 quokkas
  2 ball pythons
  2 bats
  3 frilled lizards
  4 rats
  A spectral hobgoblin (D:2)
71 creatures vanquished.

Notes
Turn   | Place    | Note
-------+----------+-------------------------------------------
     0 | D:1      | Newt the Demonspawn Gladiator began the quest for the Orb.
     0 | D:1      | Reached XP level 1. HP: 16/16 MP: 1/1
    54 | D:1      | Reached skill level 2 in Throwing
   348 | D:1      | Gained mutation: You have an unusually large brain. (Int
                  | +2) [demonic ancestry]
   348 | D:1      | Reached XP level 2. HP: 22/22 MP: 2/2
   749 | D:2      | Noticed Natasha
   759 | D:2      | Killed Natasha
   760 | D:2      | Gained mutation: You have an extremely huge brain. (Int +4)
                  | [demonic ancestry]
   760 | D:2      | Reached XP level 3. HP: 9/28 MP: 3/3
   851 | D:2      | Reached skill level 3 in Throwing
   870 | D:2      | Found a faded altar of an unknown god.
   947 | D:2      | Noticed Natasha
   957 | D:2      | Killed Natasha
  1144 | D:2      | Gained mutation: You sometimes gain a little power by
                  | taking damage. [demonic ancestry]
  1144 | D:2      | Reached XP level 4. HP: 7/35 MP: 4/4
  1793 | D:2      | Noticed Natasha
  1801 | D:2      | Killed Natasha
  2251 | D:3      | Reached skill level 4 in Throwing
  2263 | D:3      | Reached XP level 5. HP: 27/41 MP: 5/5
  2831 | D:4      | Found Erucuari's General Store.
  3155 | D:4      | Found Xebb's Book Shoppe.
  3216 | D:4      | Noticed an ice beast
  3236 | D:4      | Killed an ice beast
  3237 | D:4      | Gained mutation: A weak demonic guardian rushes to your
                  | aid. [demonic ancestry]
  3237 | D:4      | Reached XP level 6. HP: 32/48 MP: 6/6
  3311 | D:4      | Found Qej Uduh's Weapon Boutique.
  3341 | D:4      | Reached skill level 5 in Throwing
  3508 | D:4      | Found a bloodstained altar of Trog.
  3609 | D:4      | Found Yboumili's Armour Shop.
  3715 | D:4      | Found an ancient bone altar of Kikubaaqudgha.
  3823 | D:5      | Entered Level 5 of the Dungeon
  3886 | D:5      | Found an opulent altar of Gozag.
  3892 | D:5      | Became a worshipper of Gozag Ym Sagoz the Greedy
  4582 | D:5      | Slain by a black bear

Illustrated notes

Levels and vault maps discovered:
D:1:      dpeg_arrival_renting, layout_loops_ring, serial_bayou_crossing
D:2:      layout_rooms, dreamdust_ecumenical_altar_drowned_temple, uniq_natasha
D:3:      minmay_evil_eye, layout_loops_ring, dreamdust_wishing_well
D:4:      layout_layer_cave, mainiacjoe_overflow_brackets,
          mainiacjoe_overflow_surrounded_room, serial_shops,
          nicolae_square_shop, shop, nicolae_shop_tiny_waterfront,
          nicolae_shop_bloodbath_and_beyond
D:5:      layout_rooms, mainiacjoe_overflow_24_doors,
          minmay_temple_entry_statues_fountains, uniq_grinder, uniq_sigmund

Skill      XL: |  1  2  3  4  5  6 |
---------------+-------------------+-----
Throwing       | 2 3 4 5 |  5.6
Fighting       | 3 4 |  4.5
Short Blades   | |  2.6
Long Blades    | |  0.1
Dodging        | |  2.6

Action                     |  1- 3 |  4- 6 || total
---------------------------+-------+-------++-------
  Melee: Rapier            |    84 |    80 ||   164
         Punch             |     3 |    16 ||    19
         Dagger            |       |   215 ||   215
  Throw: Throwing net      |     5 |     2 ||     7
         Javelin           |     2 |    13 ||    15
         Boomerang         |       |    31 ||    31
         Stone             |       |     5 ||     5
    Use: Scroll            |     2 |     3 ||     5
   Stab: Sleeping          |     3 |     2 ||     5
         Held in net/web   |     1 |       ||     1
 Armour: Leather armour    |    56 |   187 ||   243
  Dodge: Dodged            |    60 |   139 ||   199
         Repelled          |       |     1 ||     1

Table legend: (Time is in decaauts)
 A = Elapsed time spent in this place.
 B = Non-inter-level travel time spent in this place.
 C = Inter-level travel time spent in this place.
 D = Time resting spent in this place.
 E = Time spent auto-exploring this place.
 F = Levels seen in this place.
 G = Mean time per level.
                   A        B        C        D        E       F      G
               +--------+--------+--------+--------+--------+-----+--------+
         Total |   4520 |   4423 |     97 |   1505 |   2255 |   5 |  904.0 |
       Dungeon |   4520 |   4423 |     97 |   1505 |   2255 |   5 |  904.0 |
               +--------+--------+--------+--------+--------+-----+--------+

Top non-repeatable levels by time:
     D:2: 1475 daAuts
     D:4: 948 daAuts
     D:5: 718 daAuts
     D:1: 718 daAuts
     D:3: 660 daAuts
